 Dungeon Crawl Stone Soup version 0.25-a0-435-g4b9beb1024 (webtiles) character file.

Game seed: 3021558520265972953, levelgen mode: deterministic

118 kae the Ruffian (level 5, -7/41 HPs)
             Began as a Ghoul Gladiator on Jan 29, 2020.
             Was an Initiate of Makhleb.
             Killed by divine providence
             ... invoked by an orc priest
              (13 damage)
             ... on level 3 of the Dungeon.
             The game lasted 00:01:46 (1418 turns).

kae the Ruffian (Ghoul Gladiator)                   Turns: 1418, Time: 00:01:46

Health: -7/41      AC:  4    Str: 18    XL:     5   Next: 2%
Magic:  4/4        EV: 12    Int:  3    God:    Makhleb [......]
Gold:   109        SH:  0    Dex: 11    Spells: 4/4 levels left

rFire    . . .     SeeInvis .     - Unarmed
rCold    + . .     Gourm    .   (no shield)
rNeg     + + +     Faith    .   a - +0 leather armour
rPois    ∞         Spirit   .   b - +0 helmet
rElec    .         Reflect  .   (no cloak)
rCorr    .         Harm     .   (no gloves)
MR       .....                  (no boots)
Stlth    +.........             (no amulet)
HPRegen  0.00/turn              (no ring)
MPRegen  0.09/turn              (no ring)

@: rotting
A: rotting body, claws 1, carnivore, cold resistance 1, negative energy
resistance 3, inhibited regeneration, torment resistance, unbreathing
a: Renounce Religion


You were on level 3 of the Dungeon.
You worshipped Makhleb.
Makhleb was noncommittal.
You were not hungry.

You visited 1 branch of the dungeon, and saw 3 of its levels.

You collected 109 gold pieces.

Inventory:

Missiles
 c - 3 throwing nets (quivered)
Armour
 a - a +0 leather armour (worn)
 b - a +0 helmet (worn)
Jewellery
 h - a cursed ring of attention {unknown}
Scrolls
 g - a scroll of remove curse
Potions
 i - a potion of agility {unknown}
 j - a potion of resistance {unknown}
 l - 2 potions of curing {unknown}
 m - a potion of lignification {unknown}
 n - 2 potions of heal wounds {unknown}
 o - a potion of invisibility {unknown}
Comestibles
 d - 5 rations


   Skills:
 - Level 2.1 Fighting
 - Level 1.7 Throwing
 - Level 2.6 Dodging
 * Level 5.9 Unarmed Combat
 + Level 1.0 Invocations


You had 4 spell levels left.
You didn't know any spells.
Your spell library was empty.

Dungeon Overview and Level Annotations

Branches:
Dungeon (3/15)

Altars:
Fedhas
Makhleb


Innate Abilities, Weirdness & Mutations

Your body is rotting away.
You thrive on raw meat.
You are immune to poison.
You have sharp fingernails.
You are carnivorous and can eat meat at any time.
Your flesh is cold resistant. (rC+)
You are immune to negative energy. (rN+++)
You do not regenerate when monsters are visible.
You are immune to unholy pain and torment.
You can survive without breathing.


Message History

You closely miss the orc priest.
The orc priest is severely wounded.
The orc barely misses you.
Eat a chunk of flesh? (ye/n/q)
You eat the chunk of flesh.
This raw flesh tastes great!
The orc priest invokes the aid of Beogh against you.
Beogh smites you!
* * * LOW HITPOINT WARNING * * *
The orc hits you but does no damage. x2
You barely miss the orc priest.
The orc priest is severely wounded.
The orc priest looks braver for a moment.
The orc hits you with a +0 hand axe.
* * * LOW HITPOINT WARNING * * *
The orc closely misses you.
Okay, then.
Okay, then.
The orc priest calls down the wrath of Beogh upon you.
Beogh smites you!
You die...

#.....>......#
#.###.######## #.#
#.# #.# #.#
######.# #.#
#######......# #.#
......o....#####.##
......o..#........#
####..o.@..#####..#
#.....#### #..#
........# ...#
.##...... ..<..
##....# #.....#
####.# #..##.# ..#
#.. .# #.#


You could see an orc priest and 2 orcs.

Vanquished Creatures
  An orc wizard (D:3)
  2 adders (D:2)
  An ooze (D:1)
  5 dart slugs
  An orc (D:3)
  4 giant cockroaches
  5 hobgoblins
  7 jackals
  11 kobolds
  8 bats
  3 frilled lizards
  5 goblins
  3 rats
56 creatures vanquished.

Notes
Turn   | Place    | Note
-------+----------+-------------------------------------------
     0 | D:1      | kae the Ghoul Gladiator began the quest for the Orb.
     0 | D:1      | Reached XP level 1. HP: 17/17 MP: 0/0
    40 | D:1      | Reached XP level 2. HP: 15/24 MP: 1/1
    46 | D:1      | Reached skill level 4 in Unarmed Combat
   163 | D:1      | Reached XP level 3. HP: 29/29 MP: 2/2
   334 | D:1      | Reached skill level 5 in Unarmed Combat
   611 | D:2      | Reached XP level 4. HP: 30/36 MP: 3/3
   766 | D:2      | Found a blossoming altar of Fedhas.
  1032 | D:2      | Found a burning altar of Makhleb.
  1032 | D:2      | Noticed a balrug
  1237 | D:2      | Noticed a ynoxinul
  1237 | D:2      | Noticed a hellwing
  1239 | D:2      | Became a worshipper of Makhleb the Destroyer
  1411 | D:3      | Reached XP level 5. HP: 21/41 MP: 4/4
  1413 | D:3      | Reached skill level 1 in Invocations
  1418 | D:3      | Killed from afar by an orc priest

Levels and vault maps discovered:
D:1:      kennysheep_arrival_forest, layout_basic
D:2:      layout_basic, fedhas_altar_1, makhleb_altar_promises_db
D:3:      layout_loops_ring, nicolae_dithmenos_through_a_glass_darkly

Skill      XL: |  1  2  3  4  5 |
---------------+----------------+-----
Unarmed Combat | 4 5 |  5.9
Invocations    | 1 |  1.0
Fighting       | |  2.1
Throwing       | |  1.7
Dodging        | |  2.6

Action                   |  1- 3 |  4- 6 || total
-------------------------+-------+-------++-------
Melee: Unarmed           |   111 |    53 ||   164
       Punch             |     2 |       ||     2
  Use: Scroll            |       |     5 ||     5
  Eat: Chunk             |    10 |     5 ||    15
Armor: Leather armour    |    43 |    14 ||    57
Dodge: Dodged            |    82 |    29 ||   111

Table legend:
 A = Non-vault XP
 B = Vault XP
 C = Vault XP percentage of total XP
 D = Non-vault monster count
 E = Vault monster count
 F = Vault count percentage of total count
                 A         B        C        D         E       F
            +---------+---------+-------+---------+---------+-------
      Total |     169 |       0 |   0.0 |      56 |       0 |   0.0
            +---------+---------+-------+---------+---------+-------
        D:1 |      73 |       0 |   0.0 |      37 |       0 |   0.0
        D:2 |      41 |       0 |   0.0 |      10 |       0 |   0.0
        D:3 |      55 |       0 |   0.0 |       9 |       0 |   0.0
            +---------+---------+-------+---------+---------+-------
